 Dungeon Crawl Stone Soup version 0.23-a0-449-g8e4cbf7 (webtiles) character file.

31084 Cryolive the Geomancer (level 13, -1/80 HPs)
             Began as a Gargoyle Earth Elementalist on Nov 21, 2018.
             Was an Elder of Vehumet.
             Slain by an eight-headed hydra (5 damage)
             ... on level 4 of the Lair of Beasts.
             The game lasted 01:17:18 (22885 turns).

Cryolive the Geomancer (GrEE)                      Turns: 22885, Time: 01:17:19

Health: -1/80      AC: 17    Str: 13    XL:     13   Next: 55%
Magic:  17/25      EV: 15    Int: 20    God:    Vehumet [****..]
Gold:   783        SH:  4    Dex: 10    Spells: 12/28 levels left

rFire    + + .     SeeInvis .   e - +4 morningstar
rCold    + . .     Gourm    .   m - +0 buckler
rNeg     + . .     Faith    .   c - +1 robe
rPois    ∞         Spirit   .   (no helmet)
rElec    +         Reflect  .   E - scarf {rC+ rF+}
rCorr    +         Harm     .   F - +0 pair of gloves
MR       .....                  n - +2 pair of boots
Stlth    ++........             (no amulet)
HPRegen  0.23/turn              r - ring of resist corrosion
MPRegen  0.19/turn              j - ring of protection from fire

@: no status effects
A: negative energy resistance 1, electricity resistance, unbreathing,
petrification resistance, rot immunity, AC +9
a: Renounce Religion


You were on level 4 of the Lair of Beasts.
You worshipped Vehumet.
Vehumet was greatly pleased with you.
You were hungry.

You visited 3 branches of the dungeon, and saw 17 of its levels.

You collected 783 gold pieces.

Inventory:

Hand Weapons
 e - a +4 morningstar (weapon)
 q - a +0 quarterstaff
Missiles
 v - an exploding tomahawk
 K - 84 stones (quivered)
 Q - 4 poisoned tomahawks
Armour
 c - a +1 robe (worn)
 m - a +0 buckler (worn)
 n - a +2 pair of boots (worn)
 E - a scarf of resistance (worn)
 F - a +0 pair of gloves (worn)
Magical Staves
 I - an uncursed staff of conjuration
Jewellery
 j - a ring of protection from fire (right hand)
 r - a ring of resist corrosion (left hand)
Wands
 N - a wand of scattershot (2)
 O - a wand of random effects (22)
Scrolls
 a - a scroll of magic mapping
 f - a scroll of identify
 k - a scroll of fog
 l - a scroll of enchant weapon
 x - 3 scrolls of teleportation
Potions
 b - 4 potions of lignification
 g - a potion of agility
 h - 2 potions of cancellation
 p - a potion of might
 t - a potion of magic
 z - 4 potions of curing
 A - 9 potions of mutation
 C - 2 potions of invisibility
Miscellaneous
 o - a lamp of fire
Comestibles
 d - 36 rations


   Skills:
 + Level 9.2 Fighting
 + Level 8.3 Staves
 - Level 6.0 Armour
 + Level 7.2 Dodging
 - Level 2.1 Stealth
 - Level 4.0 Shields
 + Level 8.2 Spellcasting
 + Level 9.0 Conjurations
   Level 0.7 Transmutations
 * Level 5.3 Fire Magic
 + Level 10.7 Earth Magic
 * Level 4.8 Evocations


You had 12 spell levels left.
You knew the following spells:

 Your Spells              Type           Power        Failure   Level  Hunger
a - Sandblast             Erth           ######       1%          1    None
b - Stone Arrow           Conj/Erth      #####.       1%          3    None
c - Lee's Rapid Deconstr  Erth           ######....   1%          5    #####..
d - Throw Flame           Conj/Fire      #####.       1%          2    None
e - Iskenderun's Battles  Conj/Chrm      ####....     10%         5    #####..

Your spell library contained the following spells:

 Spells                   Type           Power        Failure   Level  Hunger
 Passwall                 Tmut/Erth      ####....     1%          2    None
 Dazzling Spray           Conj/Hex       ####..       1%          3    None
 Petrify                  Tmut/Erth      ####....     8%          4    ###....
 Corona                   Hex            #......      9%          1    None
 Ensorcelled Hibernation  Hex/Ice        #.....       13%         2    None
 Confuse                  Hex            #.......     26%         3    None
 Tukima's Dance           Hex            #.......     26%         3    None


Dungeon Overview and Level Annotations

Branches:
Dungeon (11/15)            Temple (1/1) D:5            Lair (5/6) D:8
 Shoals (0/4) Lair:4       Spider (0/4) Lair:2          Orc (0/2) D:11
  Slime: Lair:5-6

Altars:
Ashenzari
Cheibriados
Dithmenos
Elyvilon
Fedhas
Gozag
Hepliaklqana
Kikubaaqudgha
Makhleb
Nemelex Xobeh
Okawaru
Qazlal
Ru
Sif Muna
Trog
Uskayaw
Vehumet
Wu Jian
Xom
Yredelemnul
Zin
The Shining One

Shops:
D:4 *   D:5 [   D:10 ?*

Annotations:
Lair:4 3 runed doors, Huxuz's ghost, journeyman FoHu


Innate Abilities, Weirdness & Mutations

You are resistant to torment.
Your stone body is resilient. (AC +9)
You are immune to poison.
You resist negative energy. (rN+)
You are resistant to electric shocks. (rElec)
You can survive without breathing.
You are immune to petrification.
You are immune to rotting.


Message History

You feel much better.
The hippogriff bites you but does no damage.
You block the hippogriff's attack.
The hippogriff claws you but does no damage.
The eight-headed hydra bites you but does no damage.
The eight-headed hydra bites you. x2
The eight-headed hydra bites you but does no damage.
The eight-headed hydra bites you!
* * * LOW HITPOINT WARNING * * *
The eight-headed hydra bites you but does no damage.
The eight-headed hydra bites you!
* * * LOW HITPOINT WARNING * * *
The eight-headed hydra closely misses you.
As you read the scroll of fog, it crumbles to dust.
The scroll dissolves into smoke.
The hippogriff bites you but does no damage.
The hippogriff pecks you.
* * * LOW HITPOINT WARNING * * *
The hippogriff misses you. The eight-headed hydra bites you.
You die...

#........#####^......#
#..#'###.# #####P#.#
###...#### ##### ##..#
#..#### #######...#.##
#......§.....# #######
#.......§§D§.#######.##...
##......§@H..##.##.......#
#......§§§§...........####
###.......§§...####.###
#...........## ###
#.###.####.## ### ### ###


You could see an eight-headed hydra and a hippogriff.

Vanquished Creatures
  6 hydras
  Erica (D:10)
  4 death yaks
  Nergalle (D:11)
  2 unseen horrors (D:10)
  An elephant (Lair:5)
  A gargoyle (D:10)
  7 spiny frogs
  3 komodo dragons
  2 trolls
  A queen bee (Lair:2)
  4 polar bears
  6 blink frogs
  4 slime creatures
  8 hippogriffs
  4 wyverns
  2 wraiths
  3 hogs
  A human (D:7)
  17 yaks
  2 hungry ghosts
  A basilisk (Lair:2)
  An acid dragon (D:11)
  A two-headed ogre zombie (D:11)
  9 water moccasins
  5 porcupines
  4 orc warriors
  5 ogres
  An eye of draining (shapeshifter) (D:10)
  4 black bears
  3 phantoms
  A sky beast (D:11)
  2 eyes of draining
  4 wolves (Lair:3)
  A centaur (D:7)
  A necrophage (D:10)
  3 crocodiles
  A big kobold (D:7)
  14 bullfrogs
  A wyvern skeleton (D:7)
  4 scorpions
  34 killer bees
  A troll zombie (D:11)
  3 wights (D:7)
  2 howler monkeys (D:7)
  4 crimson imps
  2 bullfrog zombies
  3 bullfrog skeletons
  2 gnoll shamans
  4 hounds
  2 centaur zombies (D:8)
  2 iguanas
  8 orc priests
  5 orc wizards
  4 centaur skeletons
  4 jellies
  8 worker ants
  6 ogre zombies (D:11)
  3 hound skeletons
  A hound zombie (D:9)
  4 worker ant zombies
  17 gnolls
  4 river rats (D:5)
  8 adders
  A shadow imp (D:8)
  3 white imps (Lair:4)
  An ooze (D:5)
  An adder zombie (D:7)
  5 worms
  A dart slug (D:1)
  3 leopard geckos
  42 orcs
  3 ball pythons
  4 bats
  5 giant cockroaches
  5 goblins
  10 hobgoblins
  11 jackals
  10 kobolds
  2 quokkas
  5 frilled lizards
  A goblin zombie (D:11)
  2 hobgoblin skeletons (D:11)
  3 hobgoblin zombies (D:11)
  An orc skeleton (D:11)
  17 orc zombies (D:11)
  6 rats
  A fungus (D:8)
  6 plants
426 creatures vanquished.

Vanquished Creatures (others)
  30 fungi
  7 plants
37 creatures vanquished.

Grand Total: 463 creatures vanquished

Notes
Turn   | Place    | Note
-------+----------+-------------------------------------------
     0 | D:1      | Cryolive the Gargoyle Earth Elementalist began the quest
                  | for the Orb.
     0 | D:1      | Reached XP level 1. HP: 10/10 MP: 3/3
   125 | D:1      | Reached XP level 2. HP: 6/16 MP: 5/5
   606 | D:1      | Reached skill level 1 in Armour
   863 | D:1      | Reached skill level 1 in Fighting
  1163 | D:1      | Reached XP level 3. HP: 20/20 MP: 6/6
  1168 | D:1      | Learned a level 3 spell: Stone Arrow
  1578 | D:2      | Reached skill level 4 in Earth Magic
  1586 | D:2      | HP: 1/20 [jackal (2)]
  2247 | D:2      | Reached XP level 4. HP: 25/25 MP: 7/7
  2259 | D:2      | Reached skill level 1 in Conjurations
  2261 | D:2      | Reached skill level 1 in Shields
  2284 | D:2      | Reached XP level 5. HP: 27/30 MP: 0/8
  2359 | D:2      | Found a burning altar of Makhleb.
  2995 | D:3      | Learned a level 5 spell: Lee's Rapid Deconstruction
  3373 | D:4      | Noticed an ogre
  3383 | D:4      | Killed an ogre
  3383 | D:4      | Reached skill level 1 in Staves
  3383 | D:4      | Reached XP level 6. HP: 35/35 MP: 2/10
  3908 | D:4      | Found Zin's Purification Station.
  3911 | D:4      | Found a glowing silver altar of Zin.
  3942 | D:4      | Reached XP level 7. HP: 38/40 MP: 11/11
  4080 | D:5      | Entered Level 5 of the Dungeon
  4170 | D:5      | Reached skill level 5 in Earth Magic
  4303 | D:5      | Found a bloodstained altar of Trog.
  4334 | D:5      | Found a staircase to the Ecumenical Temple.
  4356 | Temple   | Entered the Ecumenical Temple
  4584 | D:5      | Found Ustoe's Antique Armour Boutique.
  4867 | D:5      | Reached XP level 8. HP: 46/46 MP: 5/13
  6809 | D:7      | Noticed a yak
  6825 | D:6      | Killed a yak
  6995 | D:7      | Reached skill level 6 in Earth Magic
  6995 | D:7      | Reached XP level 9. HP: 27/52 MP: 10/15
  7522 | D:7      | Reached skill level 5 in Armour
  7528 | D:7      | Reached skill level 5 in Fighting
  7802 | D:7      | Reached skill level 5 in Spellcasting
  7802 | D:7      | Reached skill level 7 in Earth Magic
  8524 | D:8      | Found a staircase to the Lair.
  8553 | D:8      | Reached skill level 5 in Conjurations
  8588 | D:7      | Reached XP level 10. HP: 57/59 MP: 8/17
  8983 | D:8      | Found a glowing golden altar of the Shining One.
  9211 | D:8      | Found a bloodstained altar of Trog.
  9212 | D:8      | Found a shimmering altar of Xom.
  9215 | D:8      | Found a radiant altar of Vehumet.
  9217 | D:8      | Found a stormy altar of Qazlal.
  9218 | D:8      | Found a sacrificial altar of Ru.
  9241 | D:8      | Became a worshipper of Vehumet
  9370 | D:8      | Reached skill level 5 in Staves
  9417 | D:8      | Found a white marble altar of Elyvilon.
  9467 | D:8      | Found a basalt altar of Yredelemnul.
 10724 | D:9      | Found a hazy altar of Hepliaklqana.
 10744 | D:10     | Entered Level 10 of the Dungeon
 10820 | D:10     | Reached skill level 5 in Dodging
 10865 | D:10     | Noticed a gargoyle
 11112 | D:10     | Noticed Erica
 11407 | D:10     | Killed a gargoyle
 11407 | D:10     | Reached skill level 8 in Earth Magic
 11436 | D:10     | Reached * piety under Vehumet
 11436 | D:10     | Offered knowledge of Sting by Vehumet.
 11860 | D:10     | Found Lyptat's Assorted Antiques.
 11897 | D:10     | Reached XP level 11. HP: 59/66 MP: 17/20
 12310 | D:10     | Killed Erica
 12522 | D:10     | Found Lilij's Magic Scroll Shop.
 12734 | D:10     | Killed an unseen horror
 13941 | D:11     | Offered knowledge of Flame Tongue by Vehumet.
 13995 | D:11     | Noticed a five-headed hydra
 14082 | D:10     | Reached skill level 9 in Earth Magic
 14402 | D:10     | Killed an unseen horror
 14692 | D:11     | Reached ** piety under Vehumet
 14769 | D:11     | Found a staircase to the Orcish Mines.
 14776 | D:11     | Noticed Nergalle
 14805 | D:11     | Killed Nergalle
 15629 | D:11     | Killed a five-headed hydra
 15629 | D:11     | Reached XP level 12. HP: 73/73 MP: 8/22
 16213 | Lair:1   | Entered Level 1 of the Lair of Beasts
 16512 | Lair:1   | Offered knowledge of Throw Flame by Vehumet.
 16540 | Lair:1   | Learned a level 2 spell: Throw Flame
 16574 | Lair:1   | Found a basalt altar of Yredelemnul.
 16864 | Lair:1   | Reached skill level 1 in Fire Magic
 16864 | Lair:1   | Reached skill level 1 in Evocations
 17590 | Lair:2   | Reached *** piety under Vehumet
 17914 | Lair:2   | Reached skill level 10 in Earth Magic
 17938 | Lair:2   | Offered knowledge of Inner Flame by Vehumet.
 18290 | Lair:2   | Noticed a five-headed hydra
 18312 | Lair:2   | Killed a five-headed hydra
 18483 | Lair:2   | Noticed a seven-headed hydra
 18516 | Lair:2   | Killed a seven-headed hydra
 18734 | Lair:2   | Found a hole to the Spider Nest.
 19440 | Lair:3   | Noticed a six-headed hydra
 19440 | Lair:3   | Noticed a five-headed hydra
 19454 | Lair:3   | Killed a six-headed hydra
 19459 | Lair:3   | Killed a five-headed hydra
 19459 | Lair:3   | Reached XP level 13. HP: 50/79 MP: 3/24
 19652 | Lair:3   | Reached **** piety under Vehumet
 20396 | Lair:4   | Offered knowledge of Iskenderun's Battlesphere by Vehumet.
 20404 | Lair:4   | Learned a level 5 spell: Iskenderun's Battlesphere
 20766 | Lair:4   | Noticed Huxuz's ghost (journeyman FoHu)
 20992 | Lair:4   | Found a staircase to the Shoals.
 21185 | Lair:4   | Found a runed gate.
 21185 | Lair:4   | Found a runed gate.
 21185 | Lair:4   | Found a runed gate.
 21457 | Lair:3   | Reached skill level 5 in Fire Magic
 21589 | Lair:4   | Noticed an ice dragon
 22885 | Lair:4   | HP: 4/80 [hippogriff (1)]
 22885 | Lair:4   | Slain by an eight-headed hydra

Vault maps used:
D:1:      eino_arrival_cavern_c, kennysheep_boxes
D:2:      makhleb_blood_cavern_becter, serial_rivers,
          chequers_serial_rivers_room_a, chequers_serial_rivers_room_b,
          chequers_serial_rivers_marsh, chequers_serial_rivers_large_a,
          chequers_serial_rivers_small_a, chequers_serial_rivers_small_3
D:3:      roderic_serpentine_path
D:4:      zin_purify, first_ration
D:5:      wad_woods_stonehenge, minmay_temple_entry_drinking_statues,
          serial_shops, nicolae_shop_overgrown_old_shop
D:6:      minivault_4
D:7:      grunt_livestock
D:8:      kennysheep_ying_yang, overflow_temple_1_default,
          grunt_temple_overflow_open, due_lair_maze_entry_diamond,
          minmay_stone_trees_small
D:9:      lemuel_coloured_pillars_altar
D:10:     minmay_chambers_of_sixes, serial_shops, shop, minmay_shop_grid_forest,
          uniq_erica
D:11:     zombieorc2_lemuel, uniq_nergalle
Temple:   minmay_temple_curvy_loop
Lair:1:   nicolae_lair_grove_arrangements, st_stairs_11,
          cheibrodos_lair_caveside_slide, lemuel_altar_in_water2
Lair:2:   dummy_spider_entry
Lair:3:   minmay_holes, beast_lair_carwin_7, lemuel_fruit_fields,
          serial_bayou_shore_a
Lair:4:   shoals_dummy_entry, gammafunk_ghost_icy, nicolae_quartered_pool_super,
          chequers_serial_rivers_small_b, bobbens_ice_dragon_lair
Lair:5:   lab_entry_generic, grunt_megastairs_1, infiniplex_staircase_pool_2

Skill      XL: |  1  2  3  4  5  6  7  8  9 10 11 12 13 |
---------------+----------------------------------------+-----
Armour         | 1 2 3 4 5 6 |  6.0
Fighting       | 1 2 3 4 5 6 7 8 9 |  9.2
Dodging        | 2 3 4 5 6 7 |  7.2
Earth Magic    | 4 5 6 7 8 9 10 | 10.7
Conjurations   | 1 2 3 5 6 7 8 9 |  9.0
Shields        | 1 2 3 4 |  4.0
Staves         | 1 2 3 4 5 7 8 |  8.3
Spellcasting   | 3 4 5 6 7 8 |  8.2
Fire Magic     | 3 5 |  5.3
Evocations     | 3 4 |  4.8
Stealth        | |  2.1
Transmutations | |  0.7

Action                   |  1- 3 |  4- 6 |  7- 9 | 10-12 | 13-15 || total
-------------------------+-------+-------+-------+-------+-------++-------
Melee: Unarmed           |    17 |       |       |       |       ||    17
       Club              |    25 |       |       |       |       ||    25
       Whip              |    60 |   146 |       |       |       ||   206
       Quarterstaff      |       |    15 |       |       |       ||    15
       Flail             |       |     9 |    46 |       |       ||    55
       Morningstar       |       |       |   202 |   114 |    37 ||   353
       Staff             |       |       |   109 |   695 |       ||   804
 Cast: Sandblast         |    27 |    25 |   139 |   125 |    13 ||   329
       Stone Arrow       |       |       |     1 |   275 |   115 ||   391
       Lee's Rapid Decon |       |       |       |     9 |     4 ||    13
  Use: Scroll            |       |       |     9 |    16 |     2 ||    27
       Potion            |       |       |     2 |     2 |     4 ||     8
 Stab: Sleeping          |     2 |     1 |     3 |       |       ||     6
  Eat: Chunk             |     3 |     7 |    15 |    32 |     7 ||    64
       Ration            |       |       |       |     4 |     1 ||     5
Armor: Robe              |    41 |    69 |   201 |   487 |    67 ||   865
Dodge: Dodged            |    88 |   126 |   327 |   696 |   116 ||  1353
Block: Buckler           |    11 |    26 |   130 |   214 |    27 ||   408

Table legend:
 A = Non-vault XP
 B = Vault XP
 C = Vault XP percentage of total XP
 D = Non-vault monster count
 E = Vault monster count
 F = Vault count percentage of total count
                 A         B        C        D         E       F
            +---------+---------+-------+---------+---------+-------
      Total |   35986 |    8420 |  19.0 |     325 |      94 |  22.4
            +---------+---------+-------+---------+---------+-------
        D:1 |      43 |       0 |   0.0 |      23 |       0 |   0.0
        D:2 |      98 |      42 |  30.0 |      17 |       1 |   5.6
        D:3 |     113 |       0 |   0.0 |      21 |       0 |   0.0
        D:4 |     344 |       0 |   0.0 |      17 |       0 |   0.0
        D:5 |     729 |      55 |   7.0 |      26 |       4 |  13.3
        D:6 |     460 |     578 |  55.7 |      20 |       3 |  13.0
        D:7 |    1830 |     513 |  21.9 |      38 |       3 |   7.3
        D:8 |    1815 |     820 |  31.1 |      19 |       7 |  26.9
        D:9 |    1310 |      93 |   6.6 |      18 |       1 |   5.3
       D:10 |    4493 |    1509 |  25.1 |      32 |       5 |  13.5
       D:11 |    4014 |    1563 |  28.0 |      31 |      36 |  53.7
     Lair:1 |    3047 |     312 |   9.3 |      15 |       5 |  25.0
     Lair:2 |    4929 |    1480 |  23.1 |      16 |      20 |  55.6
     Lair:3 |    5482 |     901 |  14.1 |      11 |       5 |  31.2
     Lair:4 |    7074 |      32 |   0.5 |      20 |       3 |  13.0
     Lair:5 |     205 |     522 |  71.8 |       1 |       1 |  50.0
            +---------+---------+-------+---------+---------+-------
